[Event "*** Titled Tuesday Blitz"]
[Site "Chess.com"]
[Date "2020.03.03"]
[Round "6"]
[White "MITerryble"]
[Black "Imre91"]
[Result "1/2-1/2"]
[WhiteElo "2913"]
[BlackElo "2750"]
[TimeControl "180+1"]
[EndTime "14:02:42 PST"]
[Termination "Game drawn by repetition"]

1. d4 d5 2. Nf3 Nf6 3. c4 c6 4. Nc3 a6 5. c5 Bf5 6. Nh4 Be4 7. f3 Bg6 8. Qb3 Ra7 9. Bf4 Nbd7 10. g4 e5 11.
dxe5 Nxc5 12. Qd1 Nfd7 13. Nxg6 hxg6 14. Bg3 g5 15. Qd4 Ra8 16. e3 Ne6 17. Qd2 Bc5 18. a3 a5 19. f4 d4 20. exd4 Nxd4 21. Qd3 gxf4 22. Bxf4 Ne6 23. Bg3 Bd4 24. O-O-O Bxe5 25.
Qxd7+ Qxd7 26. Rxd7 Bxg3 27. Rxb7 Rxh2 28. Rxh2 Bxh2 29.
Bg2 Nd4 30. Na4 Kf8 31. Rd7 Be5 32. Nb6 Re8 33. Nc4 Bf4+ 34. Kd1 c5 35. Bd5 Re7 36.
Rd8+ Re8 37. Rd7 Re7 38. Rd8+ Re8 39. Rxe8+ Kxe8 40. Nxa5 f5 41. Nc6 fxg4 42. Nxd4 cxd4 43. Kc2 Kd7 44. b4 Kd6 45. Bg2 Ke5 46. a4 Bg5 47. a5 Bd8 48. Kd3 g3 49. Bb7 g5 50. Ba8 g4 51.
Bb7 Bc7 52. Bg2 Bd8 53. Kc4 Bc7 54. Kd3 Bd8 55. Bb7 Bc7 56. Bh1 Bd8 57. Bg2 Bc7 58.
a6 Bb6 59. Kc4 Kf4 60. Kd3 Ba7 61. Ke2 Bb6 62. Kd3 Ba7 63. Ke2 Bb6 64. Kd3 1/2-1/2

[Event "*** Titled Tuesday Blitz"]
[Site "Chess.com"]
[Date "2020.03.03"]
[Round "6"]
[White "SanchezKelvin"]
[Black "Enriquack"]
[Result "0-1"]
[WhiteElo "2328"]
[BlackElo "2273"]
[TimeControl "180+1"]
[EndTime "14:02:42 PST"]
[Termination "Enriquack won by resignation"]

1. Nf3 Nf6 2. g3 d5 3. Bg2 Nc6 4. O-O e5 5. d3 h6 6. c4 dxc4 7. Qa4 Bd6 8. Qxc4 O-O 9. Nc3 Be6 10. Qa4 Rb8 11. Nd2 Nd4 12. Qd1 Bg4 13. h3 Bh5 14. g4 Bg6 15. Nde4 Be7 16. e3 Ne6 17. Qe2 b5 18.
Rd1 b4 19. Nxf6+ Bxf6 20. Nd5 Bh4 21. a3 a5 22. axb4 axb4 23. Bd2 Qd6 24. Ra4 c6 25. Nxb4 Nc5 26. Ra5 Nxd3 27. Nxd3 Bxd3 28. Qf3 Rxb2 29. Qxc6 Qxc6 30. Bxc6 Be2 31. Bc3 Rc2 32. Rd2 Rxc3 33. Bd5 Rc1+ 34. Kg2 Bc4 35. Rc5 Bxd5+ 36. Rcxd5 Bf6 37.
Kf3 Rc7 38. Ke4 Re7 39. Kf5 Re6 40. Rd6 Rfe8 41. Rxe6 Rxe6 42. Ke4 g6 43. Rd7 Kg7 44. Rb7 Ra6 45. f4 Ra4+ 46. Kf3 exf4 47. exf4 Ra3+ 48.
Ke4 Rxh3 0-1

[Event "*** Titled Tuesday Blitz"]
[Site "Chess.com"]
[Date "2020.03.03"]
[Round "6"]
[White "m-garcett"]
[Black "KerryStead"]
[Result "0-1"]
[WhiteElo "1968"]
[BlackElo "2139"]
[TimeControl "180+1"]
[EndTime "14:02:44 PST"]
[Termination "KerryStead won by resignation"]

1. e4 d6 2. d4 c6 3. Nc3 Nf6 4. f4 Qc7 5. Nf3 Bg4 6. Bd3 Nbd7 7. Be3 e5 8. Qd2 Bxf3 9. gxf3 Be7 10. O-O-O O-O-O 11. Kb1 Kb8 12. d5 c5 13. fxe5 dxe5 14. Nb5 Qb6 15. a4 a5 16. Rhg1 Ne8 17. Qf2 Rg8 18. f4 f6 19. fxe5 Nxe5 20. d6 Bxd6 21. Nxd6 Nxd6 22.
Bxc5 Qc6 23. Bb5 Nxb5 24. Rxd8+ Rxd8 25. axb5 Qxb5 26. Rxg7 Nc4 27. Qf4+ Ka8 28. Bd4 Na3+ 29. Ka2 Nxc2 30. Qc7 Nb4+ 31. Kb1 Qf1+ 32. Qc1 Qxc1+ 33.
Kxc1 Rxd4 34. Rxh7 Rxe4 35. h4 Ka7 36. Kd2 Nd5 37.
h5 Rh4 38. h6 f5 39. Rd7 Nf6 0-1

[Event "*** Titled Tuesday Blitz"]
[Site "Chess.com"]
[Date "2020.03.03"]
[Round "6"]
[White "rogapa"]
[Black "hansen"]
[Result "0-1"]
[WhiteElo "2732"]
[BlackElo "2920"]
[TimeControl "180+1"]
[EndTime "14:02:46 PST"]
[Termination "hansen won by resignation"]

1. e4 c5 2. Nf3 e6 3. d4 cxd4 4.
Nxd4 a6 5. Nc3 Qc7 6. Bd3 Nf6 7. O-O Bc5 8. Nb3 Be7 9. Qe2 d6 10. a4 b6 11. f4 Nbd7 12. Bd2 Bb7 13. Rae1 h5 14. Kh1 g6 15. Nd4 h4 16. Nf3 h3 17.
g3 Nc5 18. Kg1 Rc8 19. b4 Nxd3 20. cxd3 Qd7 21. Rc1 O-O 22. d4 Rxc3 23. Bxc3 Nxe4 24. Bb2 Bf6 25. b5 Ra8 26. d5 Bxd5 27. Bxf6 Nxf6 28. Qb2 Ne4 29. Ng5 axb5 30. Nxe4 Bxe4 31. axb5 Ra5 32. Rfd1 Rxb5 33. Qd4 Bd5 34. Rd2 Rc5 35. Ra1 Qc8 36. Qb2 Qc6 37. Kf2 Rc3 38. Ra8+ Kh7 39. Qb4 Rf3+ 40. Ke2 Qxa8 41. Qd4 Qa6+ 0-1

[Event "*** Titled Tuesday Blitz"]
[Site "Chess.com"]
[Date "2020.03.03"]
[Round "6"]
[White "Sordis"]
[Black "valeriocarnicelli"]
[Result "1/2-1/2"]
[WhiteElo "2354"]
[BlackElo "2517"]
[TimeControl "180+1"]
[EndTime "14:02:47 PST"]
[Termination "Game drawn by repetition"]

1. c4 Nf6 2. g3 g6 3. b3 Bg7 4.
Bb2 O-O 5. Bg2 d6 6. Nf3 e5 7. O-O Nc6 8. d3 Re8 9. Nc3 Ne7 10. d4 c6 11. e4 Bg4 12. h3 Bxf3 13. Bxf3 exd4 14. Qxd4 Nfd5 15. Qd2 Nxc3 16. Bxc3 Bxc3 17. Qxc3 Qc7 18. Rad1 Rad8 19. Bg2 Qb6 20. Kh2 a5 21. f4 Qc5 22. Qf6 Nc8 23. Rd2 Nb6 24. Rfd1 Nc8 25. h4 a4 26. e5 axb3 27. axb3 Rd7 28.
exd6 Re6 29. Qa1 Rexd6 30. Rxd6 Rxd6 31. Re1 Rd8 32. Qf6 Qd6 33. Qg5 Kg7 34. h5 h6 35.
Qg4 Ne7 36. hxg6 fxg6 37. Re6 Qd7 38. Qe2 Nf5 39. g4 Qd4 40. gxf5 Qxf4+ 41. Kg1 Qc1+ 42. Kf2 Rd2 43. Re7+ Kf6 44. Re6+ Kxf5 45. Re5+ Kf6 46. Re6+ Kg5 47. Re5+ Kh4 48. Re4+ Kg5 49. Re5+ Kf6 50.
Re6+ Kg5 51. Re5+ 1/2-1/2

[Event "*** Titled Tuesday Blitz"]
[Site "Chess.com"]
[Date "2020.03.03"]
[Round "6"]
[White "volcanoexplorer"]
[Black "MFguimaraes"]
[Result "0-1"]
[WhiteElo "2562"]
[BlackElo "2411"]
[TimeControl "180+1"]
[EndTime "14:02:48 PST"]
[Termination "MFguimaraes won by resignation"]

1. e4 e5 2. Nf3 Nc6 3. Bc4 Nf6 4. d3 h6 5. c3 d6 6. b4 g5 7. Qb3 Qe7 8. Na3 Nh5 9. Nc2 Nf4 10. Ne3 g4 11. g3 gxf3 12. gxf4 Be6 13. f5 Bxc4 14. Qxc4 O-O-O 15. Nd5 Qd7 16. Be3 Kb8 17. a4 Ne7 18. Nxe7 Qxe7 19. b5 Qd7 20. Qd5 c6 21. bxc6 Qxc6 22. Qb3 d5 23. exd5 Rxd5 24. Qc4 Qxc4 25.
dxc4 Rd3 26. Rd1 Rxc3 27. Rg1 Bb4 28. Bd2 Rxc4 29. Bxb4 Rxb4 30. Rg7 Rc8 31. Rxf7 Rg8 32. Kd2 Rd4+ 33. Kc2 Rc8+ 34. Kb2 Rxd1 35. Re7 Rd2+ 36.
Kb3 Rxf2 37. f6 Rd2 38. f7 Rdd8 39. Rxe5 Rf8 40. Rf5 Rc7 41. Rxf3 Rcxf7 42. Rh3 Rf3+ 43. Rxf3 Rxf3+ 0-1

[Event "*** Titled Tuesday Blitz"]
[Site "Chess.com"]
[Date "2020.03.03"]
[Round "6"]
[White "Micki-taryan"]
[Black "Supernotar"]
[Result "0-1"]
[WhiteElo "2982"]
[BlackElo "2811"]
[TimeControl "180+1"]
[EndTime "14:02:49 PST"]
[Termination "Supernotar won by resignation"]

1. d4 d5 2. c4 dxc4 3. Nf3 Nf6 4. e3 e6 5. Bxc4 a6 6. a4 c5 7. O-O Nc6 8. Qe2 cxd4 9. Rd1 Be7 10. exd4 O-O 11. Nc3 Nb4 12. Ne5 Bd7 13. Qf3 Bc6 14.
Qg3 Bd5 15. Bxd5 Nbxd5 16. Nxd5 Nxd5 17. Bh6 Bf6 18. Rac1 Kh8 19. Bd2 Rc8 20. Rxc8 Qxc8 21. Rc1 Qd8 22. Qb3 Bxe5 23. dxe5 Qd7 24. h4 Rc8 25. Rxc8+ Qxc8 26. h5 h6 27. g4 Qc7 28.
a5 Qxe5 29. Qxb7 Qe4 30. Qxa6 Qxg4+ 31. Kf1 Qd1+ 32. Be1 Qf3 33. Qc8+ Kh7 34. Qc2+ f5 35. Bd2 Nf6 36. Be3 Nd5 37. Bd2 Nf6 38. a6 Ng4 39. Bc1 Qh1+ 40. Ke2 Nxf2 41. a7 Qxh5+ 42. Ke3 Ng4+ 43.
Kd4 Qh1 44. Qa4 Qe4+ 45. Kc5 Qxa4 46. a8=Q Qxa8 0-1

[Event "*** Titled Tuesday Blitz"]
[Site "Chess.com"]
[Date "2020.03.03"]
[Round "6"]
[White "amiralfio"]
[Black "AvitalBor"]
[Result "1/2-1/2"]
[WhiteElo "2614"]
[BlackElo "2779"]
[TimeControl "180+1"]
[EndTime "14:02:50 PST"]
[Termination "Game drawn by agreement"]

1. d4 Nf6 2. Bf4 d5 3. e3 b6 4. Nf3 Bb7 5. Bd3 Nbd7 6. Ne5 Nxe5 7. Bxe5 Nd7 8. Bg3 g6 9. h4 Bg7 10. h5 c5 11. hxg6 hxg6 12. Rxh8+ Bxh8 13. c3 e5 14.
dxe5 Nxe5 15. Bb5+ Kf8 16. Nd2 d4 17. cxd4 cxd4 18. Bxe5 Bxe5 19. Nf3 Bxf3 20. Qxf3 dxe3 21. Rd1 exf2+ 22. Kxf2 Qh4+ 23. Kf1 Rd8 24. Rxd8+ Qxd8 25. Bc4 Qc7 26. b3 Kg7 27. Qd5 Bf6 28. Ke2 Qe7+ 29. Kd3 Ba1 30. a4 Qf6 31. Qf3 Qd4+ 32. Kc2 Qb2+ 33.
Kd3 Qb1+ 34. Ke2 Qc2+ 35. Kf1 f6 36. Qb7+ Kh6 37. Qd5 Qc1+ 38. Ke2 f5 39. Qd2+ Qxd2+ 40. Kxd2 Kg5 41. Ke2 Kf4 42. Kf1 Bd4 43. Bf7 g5 44. Bg8 Kg3 45. Be6 f4 46. Bd5 g4 47. Bc6 Kh2 48.
Bd7 f3 49. Bc6 f2 50. Bd7 Kg3 51. Bc8 Kf4 52. Bb7 Ke3 53. Bc8 g3 54. Be6 Ke4 55. Bc4 Ke5 56. Bg8 Kd6 57. Bc4 Ke7 58. Bb5 Kd6 59.
Ba6 Kc5 60. Bc4 Kb4 61. Bf7 b5 62. axb5 Kxb5 63. Bc4+ Kc5 64. Bg8 a5 65. Bf7 Kb4 66. Bg8 1/2-1/2

[Event "*** Titled Tuesday Blitz"]
[Site "Chess.com"]
[Date "2020.03.03"]
[Round "6"]
[White "northridgehawk"]
[Black "RaphCamora"]
[Result "1/2-1/2"]
[WhiteElo "2266"]
[BlackElo "2432"]
[TimeControl "180+1"]
[EndTime "14:02:50 PST"]
[Termination "Game drawn - insufficient material"]

1. e4 c5 2. Nf3 Nc6 3. d4 cxd4 4. Nxd4 Nf6 5. Nc3 e5 6. Ndb5 d6 7. Nd5 Nxd5 8. exd5 Ne7 9. c4 Ng6 10. Be2 a6 11.
Nc3 Be7 12. O-O O-O 13. Be3 f5 14. f3 Bg5 15. Bf2 Nf4 16. b4 a5 17. a3 axb4 18. axb4 Rxa1 19. Qxa1 e4 20. fxe4 Bf6 21. Bf3 fxe4 22.
Bxe4 Bxc3 23. Qb1 Qg5 24. Kh1 Ng6 25. Qd3 Be5 26. Bf3 Bf5 27. Qd1 Qh6 28. Bg1 Nf4 29. c5 Bd3 30. Re1 Bb5 31. c6 Nd3 32. Re2 Nxb4 33. Rxe5 dxe5 34. Qb3 Qd6 35. cxb7 Rb8 36.
Qc3 Na6 37. Qc8+ Qf8 38. Qe6+ Kh8 39. d6 Rxb7 40. Bxb7 Nc5 41. Qd5 Nxb7 42. Qxb7 Qe8 43. Qd5 Bc6 44. Qc5 Qd7 45. Qxe5 h6 46. Bd4 Qg4 47. Qg3 Qxg3 48. hxg3 Kg8 49. Kh2 Kf7 50.
g4 g6 51. Kg3 Ke6 52. Bc5 h5 53. gxh5 gxh5 54. Bf2 Kxd6 55. Kh4 Bxg2 56. Kxh5 1/2-1/2

[Event "*** Titled Tuesday Blitz"]
[Site "Chess.com"]
[Date "2020.03.03"]
[Round "6"]
[White "malandragem"]
[Black "denizozen"]
[Result "0-1"]
[WhiteElo "2623"]
[BlackElo "2847"]
[TimeControl "180+1"]
[EndTime "14:02:53 PST"]
[Termination "denizozen won by resignation"]

1. e4 c5 2. Nc3 Nc6 3. g3 g6 4. Bg2 Bg7 5. d3 Rb8 6. Nge2 b5 7. Rb1 b4 8. Nd5 e6 9. Ne3 Nge7 10. O-O O-O 11. f4 d5 12. e5 f6 13. exf6 Bxf6 14. Ng4 Bg7 15. Be3 h5 16. Ne5 Nxe5 17. fxe5 Qc7 18.
Rxf8+ Bxf8 19. d4 Nf5 20. Bf2 cxd4 21. Nxd4 Bc5 22. Nxf5 Bxf2+ 23. Kxf2 gxf5 24. Qxh5 Qxc2+ 25. Kf3 Qe4+ 26. Kf2 Qc2+ 27. Kf3 Qe4+ 28. Kf2 Qxe5 29. Qe8+ Kg7 30. Qe7+ Kh6 31. Qh4+ Kg6 32. Re1 Qxb2+ 33.
Re2 Qf6 34. Qf4 Rb7 35. h4 Rh7 36. Bf3 Re7 37. h5+ Kh7 38. Qxb4 d4 39. Rc2 e5 40. Rxc8 e4 41. Qb3 Rg7 42. Be2 Qg5 43. h6 Qxh6 44. Ke1 d3 45. Bxd3 exd3 46. Qxd3 Qe6+ 0-1

[Event "*** Titled Tuesday Blitz"]
[Site "Chess.com"]
[Date "2020.03.03"]
[Round "6"]
[White "Msb2"]
[Black "Incognito_Knight"]
[Result "1/2-1/2"]
[WhiteElo "2869"]
[BlackElo "2679"]
[TimeControl "180+1"]
[EndTime "14:02:56 PST"]
[Termination "Game drawn by repetition"]

1. d4 d5 2. Nf3 Nf6 3. Bf4 c5 4.
e3 Nc6 5. Nbd2 cxd4 6. exd4 Bf5 7. Bb5 a6 8. Bxc6+ bxc6 9. c4 e6 10. Qa4 Qb6 11. c5 Qb5 12. Qxb5 axb5 13. Ne5 Ra6 14. f3 Nd7 15. g4 Nxe5 16. Bxe5 Bg6 17. Kf2 f6 18. Bg3 Kd7 19. a4 bxa4 20. Ra3 Be7 21. Rha1 Rha8 22. b3 Bc2 23. R3a2 Bd3 24. bxa4 Bb5 25.
a5 Bd8 26. Nb3 Bc4 27. Ra3 R8a7 28. Ke3 Bxb3 29. Rxb3 Rxa5 30. Rxa5 Bxa5 31. Bb8 Ra8 32. Bd6 Kc8 33. Bf8 Ra7 34. Bd6 Bc7 35. Bxc7 Kxc7 36. h4 Rb7 37. Ra3 Kb8 38. g5 fxg5 39. hxg5 Rf7 40.
Ra6 Kb7 41. Rb6+ Kc7 42. Ra6 Kb7 43. Rb6+ Kc7 44. Ra6 Kb7 1/2-1/2

[Event "*** Titled Tuesday Blitz"]
[Site "Chess.com"]
[Date "2020.03.03"]
[Round "6"]
[White "Danfii"]
[Black "kingofthenil"]
[Result "0-1"]
[WhiteElo "2412"]
[BlackElo "2577"]
[TimeControl "180+1"]
[EndTime "14:02:58 PST"]
[Termination "kingofthenil won by resignation"]

1. e4 Nc6 2. Nf3 d6 3. d4 Nf6 4.
Nc3 g6 5. Be2 Bg7 6. O-O O-O 7. d5 Nb8 8. h3 c6 9. Bf4 a6 10. a4 b6 11. Re1 Bb7 12. Bf1 Nbd7 13. Bg5 Rc8 14. dxc6 Rxc6 15. Nd5 Re8 16. c3 h6 17. Bh4 Rc8 18. Qd2 g5 19. Bg3 Nc5 20. Nxf6+ Bxf6 21. Bd3 Nb3 22. Qe3 Nxa1 23. Rxa1 Qc7 24.
Rd1 Qc5 25. Qe2 Qc6 26. h4 Qxa4 27. hxg5 hxg5 28. Bc2 Qc4 29. Qe3 Qc5 30. Qd3 Qb5 31. Qd2 g4 32. Nd4 Qh5 33. Nf5 Rcd8 34. Qf4 Be5 35. Qe3 Bxg3 36. Qxg3 Qg5 37. Bb3 Bxe4 38. Ne3 d5 39. Rd4 e5 40. Rd1 Qg6 41. f3 gxf3 42.
Qf2 fxg2 43. Rd2 d4 44. cxd4 exd4 45. Nc4 Bd5 46. Rxd4 Bxc4 47. Bxc4 Rxd4 48. Qxd4 Re1+ 0-1

[Event "*** Titled Tuesday Blitz"]
[Site "Chess.com"]
[Date "2020.03.03"]
[Round "6"]
[White "IngOscarArdila"]
[Black "ChesterF"]
[Result "1-0"]
[WhiteElo "2192"]
[BlackElo "2410"]
[TimeControl "180+1"]
[EndTime "14:02:59 PST"]
[Termination "IngOscarArdila won by resignation"]

1. d4 Nf6 2. c4 e6 3. Nc3 Bb4 4.
Bd2 O-O 5. e3 b6 6. Nf3 d5 7. cxd5 exd5 8. Bd3 Re8 9. O-O Bb7 10.
Rc1 a6 11. Ne5 Bd6 12. f4 c5 13. Qf3 Nc6 14. Ne2 Ne4 15. Bxe4 dxe4 16. Qh5 g6 17. Qh6 Bf8 18. Qh3 Bg7 19. Bc3 Rc8 20. Rfd1 Qe7 21. Nxc6 Bxc6 22. d5 Bb5 23. Rd2 Bxe2 24. Rxe2 Bxc3 25.
bxc3 c4 26. Rd2 Qc5 27. d6 Rcd8 28. d7 Re7 29. Rcd1 f5 30. Rd4 Qc7 31. Qh4 Rdxd7 32. Qf6 Rxd4 33. Rxd4 b5 34. Qxa6 b4 35. Qxc4+ Qxc4 36. Rxc4 bxc3 37. Rxc3 Rb7 38. Rc2 Rb4 39. Kf2 Ra4 40.
Re2 Ra3 41. Kg3 Kf7 42. Kh4 Kf6 43. g4 h6 44. g5+ hxg5+ 45. fxg5+ Ke5 46. h3 f4 47.
exf4+ Kxf4 48. Rf2+ Ke3 49. Rf6 Rxa2 50. Rxg6 Ke2 51.
Re6 e3 52. g6 Ra7 53. Kg5 Kf3 54.
h4 e2 55. h5 Ra5+ 56. Kh6 Ra4 57. Rxe2 Kxe2 58. g7 Ra8 59. Kh7 Kf3 60. g8=Q Rxg8 61.
Kxg8 1-0

[Event "*** Titled Tuesday Blitz"]
[Site "Chess.com"]
[Date "2020.03.03"]
[Round "6"]
[White "MisiekZielony"]
[Black "HanSchut"]
[Result "1-0"]
[WhiteElo "2091"]
[BlackElo "2281"]
[TimeControl "180+1"]
[EndTime "14:02:59 PST"]
[Termination "MisiekZielony won on time"]

1. c4 c5 2. Nc3 Nf6 3. g3 d5 4.
cxd5 Nxd5 5. Bg2 Nc7 6. Nf3 Nc6 7. O-O e5 8. a3 f6 9. d3 Be6 10. Nd2 Qd7 11. Nc4 Rc8 12. f4 exf4 13. Bxf4 Nd5 14.
Nxd5 Bxd5 15. Bxd5 Qxd5 16. e4 Qd7 17. e5 fxe5 18.
Nxe5 Qd4+ 19. Rf2 Nxe5 20. Bxe5 Qe3 21. Qf1 Qh6 22. Re1 Kd7 23. Bf4 Qh5 24. g4 Qxg4+ 25. Bg3 Be7 26. Rf7 Rhe8 27. Qg2 Rc6 28. Rfxe7+ Rxe7 29. Rxe7+ Kd8 30. Re2 h5 31. Qe4 Qxe4 32. dxe4 g5 33.
h4 Rg6 34. hxg5 Rxg5 35. Kf2 Kd7 36. Bf4 Rg4 37. Kf3 Rh4 38. Rh2 Rxh2 39. Bxh2 Ke6 40.
Bg3 b5 41. Kf4 c4 42. Ke3 a5 43. Kd4 Kf6 44. a4 1-0

[Event "*** Titled Tuesday Blitz"]
[Site "Chess.com"]
[Date "2020.03.03"]
[Round "6"]
[White "Konavets"]
[Black "LittlePeasant"]
[Result "1-0"]
[WhiteElo "3021"]
[BlackElo "2803"]
[TimeControl "180+1"]
[EndTime "14:03:00 PST"]
[Termination "Konavets won by checkmate"]

1. c4 e6 2. g3 d5 3. Bg2 c6 4.
Nf3 dxc4 5. O-O Nd7 6. Qc2 b5 7. Nd4 Bb7 8. Nxb5 cxb5 9. Bxb7 Rb8 10. Bg2 Ngf6 11. b3 cxb3 12. axb3 Bc5 13. Bb2 O-O 14. d4 Bb6 15. e4 Qe7 16. Nd2 e5 17. Nf3 Rfc8 18. Qe2 exd4 19. Nxd4 Bxd4 20. Bxd4 Nc5 21. b4 Nb3 22. Bxf6 Qxf6 23. Rxa7 Nd4 24. Qa2 Nc6 25. Rd7 Nxb4 26. Qb3 Nc6 27. Rfd1 Ne5 28. R7d6 Qe7 29.
f4 Nc4 30. Rd7 Qc5+ 31. Kh1 g6 32. e5 Rc7 33. R7d4 Ra7 34. Bd5 Ra1 35. Rxa1 Qxd4 36. Rd1 Qc5 37. e6 fxe6 38. Bxe6+ Kg7 39. Qc3+ Kh6 40.
Qf6 Qc6+ 41. Kg1 Qc5+ 42. Kh1 Qc6+ 43. Rd5 Re8 44. f5 Ne3 45. Qh4+ Kg7 46. Qd4+ Kh6 47. Qxe3+ g5 48. Qd4 Qc1+ 49. Kg2 Qc2+ 50. Kh3 g4+ 51. Qxg4 Qc1 52. Qh4+ Kg7 53. Rd7+ Kh8 54. Qf6# 1-0

[Event "*** Titled Tuesday Blitz"]
[Site "Chess.com"]
[Date "2020.03.03"]
[Round "6"]
[White "Fy_Rakotomaharo"]
[Black "Bigfish1995"]
[Result "0-1"]
[WhiteElo "2563"]
[BlackElo "3084"]
[TimeControl "180+1"]
[EndTime "14:03:00 PST"]
[Termination "Bigfish1995 won by resignation"]

1. d4 Nf6 2. c4 e6 3. Nc3 Bb4 4. e3 O-O 5. Bd2 b6 6. Nf3 Bb7 7. Bd3 Bxc3 8. Bxc3 Ne4 9. Bxe4 Bxe4 10. d5 f6 11. Qd4 exd5 12. cxd5 Re8 13. O-O-O d6 14.
Nd2 Bg6 15. h4 h5 16. g4 Nd7 17. gxh5 Bxh5 18. Rdg1 Qe7 19. Rg3 Kh7 20. Rhg1 g6 21.
Qd3 Rg8 22. Nb3 Rae8 23. Nd4 Nc5 24. Qc2 Qf7 25. Ne2 Bxe2 26. Qxe2 Ne4 27. R3g2 Qxd5 28. Qc2 Nxc3 29. bxc3 Qe4 30. Qe2 Re5 31. Rg4 Qc6 32. Rc4 Rc5 33. Rgg4 b5 34. Rxc5 Qxc5 35. Qd3 Kh6 36. Kb2 a5 37. f4 f5 38. Rg5 Re8 39. Rg3 b4 40. c4 Re4 41. h5 Qxc4 42. Qxc4 Rxc4 43. hxg6 Kg7 44. Kb3 Rc3+ 45. Kb2 a4 46. Rg2 a3+ 47. Kb1 Rxe3 48. Rc2 Re1+ 49. Rc1 Rxc1+ 50.
Kxc1 0-1

[Event "*** Titled Tuesday Blitz"]
[Site "Chess.com"]
[Date "2020.03.03"]
[Round "6"]
[White "NoGalloNoParty"]
[Black "GianmarcoVaR"]
[Result "0-1"]
[WhiteElo "2296"]
[BlackElo "2560"]
[TimeControl "180+1"]
[EndTime "14:03:00 PST"]
[Termination "GianmarcoVaR won on time"]

1. d4 Nf6 2. Nf3 e6 3. c4 b6 4. g3 Bb7 5. Bg2 Be7 6. d5 exd5 7. Nh4 Ne4 8. Nf5 Bb4+ 9. Nd2 Qf6 10. Bxe4 dxe4 11. Ne3 O-O 12. O-O a5 13. Qc2 Re8 14.
a3 Bd6 15. b3 h5 16. Bb2 Be5 17. Bxe5 Qxe5 18. Rac1 Na6 19. Rfd1 d6 20. Nd5 Bxd5 21. cxd5 Qxd5 22. e3 Nc5 23. b4 axb4 24. axb4 Nd3 25.
Nxe4 Qxe4 26. Rxd3 Re7 27. Rd4 Qxc2 28. Rxc2 Kf8 29.
Kg2 Ke8 30. Rdc4 c5 31. bxc5 dxc5 32. Rb2 Re6 33. Rf4 Ra7 34. Rf5 g6 35. Rd5 Rd7 36.
Rg5 Kd8 37. h4 Kc7 38. g4 hxg4 39. Rxg4 Kc6 40. Kg3 Rd5 41. Rf4 f5 42. Kf3 b5 43.
Rc2 c4 44. Ke2 Kc5 45. Rf3 b4 46. Rf4 Re4 47. Rxe4 fxe4 48. f3 exf3+ 49. Kxf3 c3 50. Ke4 Kc4 51. Rg2 b3 52. Rxg6 c2 53. Rc6+ Rc5 0-1

[Event "*** Titled Tuesday Blitz"]
[Site "Chess.com"]
[Date "2020.03.03"]
[Round "6"]
[White "Volodar_Murzin"]
[Black "Kislov_Oleg"]
[Result "1-0"]
[WhiteElo "2695"]
[BlackElo "2541"]
[TimeControl "180+1"]
[EndTime "14:03:01 PST"]
[Termination "Volodar_Murzin won by resignation"]

1. Nf3 d5 2. g3 Nf6 3. Bg2 c6 4. O-O Bg4 5. d3 Nbd7 6. Nbd2 e5 7. e4 dxe4 8. dxe4 Bc5 9. h3 Bh5 10. Qe1 O-O 11. Nh4 Bg6 12. Nxg6 fxg6 13. Qe2 Nh5 14. Nb3 Bb6 15. Be3 Qe7 16. a4 Kh8 17.
a5 Bxe3 18. Qxe3 Rf7 19. Rad1 a6 20. Rd2 Raf8 21. Rfd1 Qe6 22. Rd6 Qe8 23. R1d2 Ndf6 24.
Nc5 Qe7 25. Re6 Qc7 26. Qc3 Nd7 27. b4 Nxc5 28. Qxc5 Rd8 29. Qd6 Qxd6 30. Rdxd6 Rdf8 31. Rd2 Nf6 32. Rxe5 h6 33. Re6 Nd7 34. e5 Nb8 35.
Rxg6 Re7 36. f4 Nd7 37. c4 Rfe8 38. c5 Nf8 39. Rgd6 Ne6 40. h4 Kg8 41. Bh3 Kf7 42. Bxe6+ Rxe6 43. Kf2 R6e7 44. Kf3 g6 45. h5 g5 46.
Rxh6 gxf4 47. gxf4 Rg8 48. Rh7+ Rg7 49. Rxg7+ Kxg7 50.
Rd6 Rf7 51. h6+ Kh7 52. Ke4 Re7 53. f5 1-0

[Event "*** Titled Tuesday Blitz"]
[Site "Chess.com"]
[Date "2020.03.03"]
[Round "6"]
[White "cottage_cheese"]
[Black "elisak43"]
[Result "1/2-1/2"]
[WhiteElo "2349"]
[BlackElo "2513"]
[TimeControl "180+1"]
[EndTime "14:03:03 PST"]
[Termination "Game drawn by repetition"]

1. e4 e5 2. Nf3 Nc6 3. Bb5 a6 4. Ba4 Nf6 5. O-O Be7 6. Re1 b5 7. Bb3 d6 8. c3 O-O 9. h3 Na5 10. Bc2 c5 11. d4 Nd7 12. Nbd2 exd4 13. cxd4 Nc6 14. dxc5 dxc5 15. Nf1 Nde5 16. Nxe5 Nxe5 17. b3 Bf6 18. Rb1 Qxd1 19. Rxd1 Bb7 20. f4 Nc6 21. e5 Be7 22. Be4 Rfd8 23. Ne3 Rxd1+ 24. Nxd1 Rd8 25. Ne3 Na5 26. Bxb7 Nxb7 27. Kf2 f6 28. Ke2 fxe5 29. fxe5 Kf7 30. Bb2 Ke6 31. g3 Na5 32. Ng2 Bg5 33. Nf4+ Bxf4 34. gxf4 g6 35. h4 Nc6 36. h5 Rd5 37. hxg6 hxg6 38. Rg1 Ne7 39. Ke3 Nf5+ 40. Ke4 Ne7 41. Rxg6+ Kf7 42. Rxa6 Rd2 43. Bc1 Re2+ 44. Be3 c4 45. bxc4 bxc4 46. Ra7 Ke6 47. Ra6+ Kd7 48. f5 Nxf5 49. Kxf5 Rxe3 50. e6+ Ke7 51. Ra7+ Kd6 52. Rd7+ Kc6 53. Rd8 Kc7 54. Rd7+ Kc6 55. Rd8 Kc7 56. Rd7+ Kc6 1/2-1/2

[Event "*** Titled Tuesday Blitz"]
[Site "Chess.com"]
[Date "2020.03.03"]
[Round "6"]
[White "Gahan-MG"]
[Black "sergiochess83"]
[Result "1/2-1/2"]
[WhiteElo "2521"]
[BlackElo "2907"]
[TimeControl "180+1"]
[EndTime "14:03:04 PST"]
[Termination "Game drawn by repetition"]

1. e4 c6 2. d4 d5 3. exd5 cxd5 4. c4 Nf6 5. Nc3 e6 6. Bg5 Be7 7. Nf3 O-O 8. c5 b6 9. b4 a5 10. a3 Ne4 11. Bxe7 Qxe7 12. Nxe4 dxe4 13. Ne5 Nd7 14.
Nc4 Ba6 15. c6 Bxc4 16. Bxc4 Nf6 17. b5 Qd6 18. O-O Rfd8 19. Qb3 Qxd4 20. Rfd1 Qe5 21. h3 g5 22. Qe3 Nd5 23. Bxd5 Rxd5 24. a4 Rad8 25. Rdc1 Rd4 26. g3 h6 27. Kg2 Qc7 28. Ra2 R8d5 29. Rcc2 Kg7 30. Rd2 Qe5 31. Rxd4 Qxd4 32.
Qxd4+ Rxd4 33. Rc2 Rd8 34. Kf1 Kf6 35. Ke2 Ke5 36. Ke3 f5 37. Rc3 Kd6 38. g4 Kc7 39. Rc4 Rd3+ 40. Ke2 Rxh3 41. Rd4 Rd3 42. Rxd3 exd3+ 43. Kxd3 fxg4 44. Ke4 h5 45. Ke3 h4 46. Ke2 e5 47. Kf1 e4 48. Kg2 Kd6 49. Kg1 Ke6 50.
Kg2 Kd6 51. Kg1 Kc7 52. Kg2 Kd6 1/2-1/2

[Event "*** Titled Tuesday Blitz"]
[Site "Chess.com"]
[Date "2020.03.03"]
[Round "6"]
[White "albano87"]
[Black "deBaller"]
[Result "0-1"]
[WhiteElo "1910"]
[BlackElo "2359"]
[TimeControl "180+1"]
[EndTime "14:03:05 PST"]
[Termination "deBaller won by resignation"]

1. e4 e6 2. d4 d5 3. Nc3 Nf6 4. Bg5 Be7 5. e5 Nfd7 6. h4 h6 7. Bxe7 Qxe7 8. Qg4 O-O 9. O-O-O a6 10. Nf3 c5 11. dxc5 Nc6 12. Qf4 f6 13. exf6 Rxf6 14. Qe3 Qxc5 15. Qxc5 Nxc5 16. Be2 b5 17. Rhe1 b4 18. Nxd5 exd5 19. Rxd5 Nb7 20. Bc4 Kh7 21. Bd3+ g6 22. h5 Be6 23. Bxg6+ Kg7 24. Rd2 Rd8 25.
Rxd8 Nbxd8 26. Re4 Nb7 27. Ne5 Bd5 28. Nxc6 Bxc6 29. Re7+ Kf8 30. Rh7 Kg8 31. Rxh6 Be8 32. Rh7 Bxg6 33. hxg6 Nc5 34. Rc7 Ne4 35. f3 Ng3 36. Rb7 a5 37. Rb5 Re6 38. Rxa5 Nf1 39. Kd1 Ne3+ 40. Kc1 Rd6 41. b3 Rd1+ 42. Kb2 Nd5 43. Rb5 Kg7 44. a4 bxa3+ 45. Kxa3 Ne3 46. c4 Rd3 47. Rb6 Nxc4+ 0-1

[Event "*** Titled Tuesday Blitz"]
[Site "Chess.com"]
[Date "2020.03.03"]
[Round "6"]
[White "Rhinos1"]
[Black "VeraNebolsina"]
[Result "0-1"]
[WhiteElo "2161"]
[BlackElo "2337"]
[TimeControl "180+1"]
[EndTime "14:03:05 PST"]
[Termination "VeraNebolsina won by resignation"]

1. Nf3 Nf6 2. c4 g6 3. b3 Bg7 4. Bb2 O-O 5. e3 d6 6. Be2 e5 7.
d4 e4 8. Nfd2 c5 9. d5 Nbd7 10.
O-O Qe7 11. Qc2 Ne5 12. Nc3 Bf5 13. h3 Qd7 14. Kh2 Rfe8 15. Rae1 h5 16. Ba1 g5 17.
Ndxe4 Nxe4 18. Nxe4 g4 19. hxg4 hxg4 20. Kg1 Bxe4 21. Qxe4 Nf3+ 22. Bxf3 Rxe4 23. Bxe4 Bxa1 24. Rxa1 f5 25. Bd3 Qh7 26. Rfe1 Kf7 27. Kf1 Qh1+ 28.
Ke2 Qxg2 29. Rf1 Qf3+ 30. Kd2 Rh8 31. Rae1 Rh2 32. Be2 Qe4 33. Bd3 Qe5 34. Kc1 Qa1+ 35. Bb1 Qc3+ 36. Kd1 Qb2 37. Bxf5 g3 38. Bd3 Rxf2 39.
Rxf2+ gxf2 40. Rf1 Kf6 41. Be2 Qa1+ 42. Kd2 Qxa2+ 43. Kc1 Qa1+ 44. Kd2 Qa2+ 45. Kc1 Qxe2 46. Rh1 Qe1+ 47. Rxe1 fxe1=Q+ 48. Kc2 Qxe3 49. b4 Qd4 50. b5 Qxc4+ 51. Kb2 Qxb5+ 0-1